 Dungeon Crawl Stone Soup version 0.29.1-12-g30fa7ad0bf (webtiles) character file.

Game seed: 5899347950614624606

1473 suipiss the Stinger (level 8, 0/48 (52) HPs)
             Began as a Demonspawn Venom Mage on Jan 15, 2023.
             Was a Follower of Kikubaaqudgha.
             Slain by a wight
             ... wielding a +0 morningstar
              (5 damage)
             ... on level 6 of the Dungeon.
             The game lasted 00:17:33 (8548 turns).

suipiss the Stinger (Demonspawn Venom Mage)         Turns: 8548, Time: 00:17:34

HP:   0/48 (52)     AC:  2    Str: 11 (12) XL:     8   Next: 49%
MP:   13/16         EV: 12    Int: 17 (18) God:    Kikubaaqudgha [*.....]
Gold: 217           SH:  0    Dex: 13      Spells: 7/17 levels left

rFire   . . .      SeeInvis .   k - +2 short sword (freeze)
rCold   . . .      Faith    .   (no shield)
rNeg    . . .      Spirit   .   a - +0 robe
rPois   .          Reflect  .   (no helmet)
rElec   .          Harm     .   (cloak unavailable)
rCorr   .          Rampage  .   (no gloves)
Will    .....                   (no boots)
Stlth   ++........              j - amulet of the acrobat
HPRegen 0.16/turn               (no ring)
MPRegen 0.15/turn               (no ring)

@: drained
A: ignite blood 1, powered by death 1, weakness stinger 3, deterioration 1,
strong 1
a: Renounce Religion, Unearth Wretches


You were on level 6 of the Dungeon.
You worshipped Kikubaaqudgha.
Kikubaaqudgha was aware of your devotion.
You visited 2 branches of the dungeon, and saw 8 of its levels.

You collected 217 gold pieces.

Inventory:

Hand Weapons
 c - a +0 dagger
 g - a +0 short sword
 k - a +2 short sword of freezing (weapon)
 m - a +0 trident of flaming
Armour
 a - a +0 robe (worn)
Jewellery
 e - a ring of fire
 j - an amulet of the acrobat (around neck)
Scrolls
 b - a scroll of noise {unknown}
 f - 4 scrolls of teleportation
 h - 3 scrolls of magic mapping
 i - a scroll of fear
 n - a scroll of vulnerability {unknown}
 o - 2 scrolls of blinking {unknown}
 q - a scroll of poison {unknown}
Potions
 l - a potion of degeneration {unknown}
 p - 2 potions of curing
 s - a potion of ambrosia {unknown}


   Skills:
 - Level 1.7 Dodging
 - Level 1.7 Stealth
 * Level 5.3 Spellcasting
 * Level 4.7 Necromancy
 * Level 5.0 Transmutations
 * Level 6.3 Poison Magic


You had 7 spell levels left.
You knew the following spells:

 Your Spells              Type           Power      Damage    Failure   Level
a - Sting                 Tmut/Pois      92%        1d7       1%          1
b - Poisonous Vapours     Pois/Air       30%        N/A       6%          2
c - Olgreb's Toxic Radia  Pois           25%        N/A       11%         4
d - Vampiric Draining     Necr           20%        2d7       6%          3

Your spell library contained the following spells:

 Spells                   Type           Power      Damage    Failure   Level
 Necrotise                Necr           80%        1d8       1%          1
 Sublimation of Blood     Necr           20%        N/A       3%          2
 Mephitic Cloud           Conj/Pois/Air  11%        N/A       17%         3
 Anguish                  Hex/Necr       6%         N/A       45%         4


Dungeon Overview and Level Annotations

Branches:
Dungeon (7/15)             Temple (1/1) D:4

Altars:
Ashenzari
Cheibriados
Gozag
Hepliaklqana
Kikubaaqudgha
Makhleb
Nemelex Xobeh
Okawaru
Qazlal
Sif Muna
Trog
Uskayaw
Wu Jian
Xom
Yredelemnul

Shops:
D:1 [   D:6 (

Annotations:
D:5 3 runed translucent doors, BradSin's ghost, amateur DjFE


Innate Abilities, Weirdness & Mutations

Your demonic aura sometimes causes spilled blood to erupt in flames.
You regenerate a little health from kills.
You have a sharp stinger which inflicts weakening toxins.
Your body sometimes deteriorates upon taking damage.
Your muscles are strong. (Str +4, Int/Dex -1)


Message History

You completely miss the wight. The wight barely misses you.
The wight closely misses you.
You hit the wight.
The wight is moderately damaged.
The wight hits you with a +0 morningstar!
Your body deteriorates!
You feel dopey.
You feel drained.
Casting: Vampiric Draining (dangerous; 6% risk of failure)
Confirm with . or Enter, or press ? or * to list all spells.
Aiming: Sting (safe; 1% risk of failure)
Press: ? - help, Shift-Dir - straight line, f - wight
Aim: a wight, wielding a +0 morningstar and wearing a +0 robe (moderately damaged, 76% to hit)
The sting hits the wight.
The wight partially resists.
The wight is moderately damaged.
The wight misses you.
You hit the wight.
Your tail-slap misses the wight.
The wight is moderately damaged.
The wight hits you with a +0 morningstar!!
Okay, then.
Aiming: Fastroot
Press: ? - help, Shift-Dir - straight line, f/p - wight
Aim: a wight, wielding a +0 morningstar and wearing a +0 robe (moderately damaged)
The roots erupt in riotous growth!
Roots grab the wight.
The now-empty wand crumbles to dust.
The grasping roots constrict the wight.
The wight closely misses you.
The grasping roots constrict the wight.
The roots release their grip on the wight.
The wight attacks as you move away! The wight closely misses you.
You hit the wight but do no damage.
You tail-slap the wight, but do no damage.
The wight is almost destroyed.
The wight closely misses you.
You closely miss the wight.
Your tail-slap misses the wight.
The wight is almost destroyed.
The wight hits you with a +0 morningstar!
* * * LOW HITPOINT WARNING * * *
You feel drained.
You die...
Kikubaaqudgha rasps: "You have failed me!
Welcome... death!"

####.# ###.....## #.#..
##.#####..##...###.##.
..z...................
###.####...##......#### ##
#....##..#....##.......
...#....##.##.############
##......##.#..### #
........##z.....## #
.###....#@.####..# ####
##>.....#####.######...
..#..##..###.............
#.......###.......###>..
#..####...#.......###<..
#.. ###......##..##### ...
######.#.....# ...
#.......###
.z.########....<...8#


You could see a wight.

Vanquished Creatures
  2 water moccasins (D:5)
  3 black bears
  An ice beast (D:6)
  An ogre (D:5)
  A centaur (D:5)
  2 phantoms (D:5)
  A necrophage (D:6)
  A vampire bat (D:5)
  3 hounds
  Crazy Yiuf (D:4)
  2 orc priests (D:4)
  An iguana (D:4)
  An orc wizard (D:5)
  8 adders
  A white imp (D:5)
  An ufetubus (D:5)
  3 worms
  2 dart slugs
  3 fire bats (D:5)
  9 orcs
  2 spectral bats (D:5)
  8 ball pythons
  3 bat skeletons (D:5)
  A bat zombie (D:5)
  3 endoplasms
  7 giant cockroaches
  6 goblins
  5 hobgoblins
  8 kobolds
  4 quokkas
  11 bats
  A bat simulacrum (D:5)
  5 frilled lizards
  A rat (D:3)
112 creatures vanquished.

Vanquished Creatures (others)
  A fungus (D:5)
  3 plants (D:5)
4 creatures vanquished.

Grand Total: 116 creatures vanquished

Notes
Turn   | Place    | Note
-------+----------+-------------------------------------------
     0 | D:1      | suipiss the Demonspawn Venom Mage began the quest for the
                  | Orb.
     0 | D:1      | Reached XP level 1. HP: 13/13 MP: 3/3
    57 | D:1      | Reached skill level 1 in Transmutations
   230 | D:1      | You fall into a shaft and drop 1 floor!
   264 | D:2      | Gained mutation: You have a small tail. [demonic ancestry]
   264 | D:2      | Reached XP level 2. HP: 2/19 MP: 3/5
   633 | D:1      | Found Qohent's Antique Armour Shoppe.
   643 | D:1      | Found a faded altar of an unknown god.
  1060 | D:1      | Learned a level 2 spell: Poisonous Vapours
  1933 | D:2      | Gained mutation: Your demonic aura sometimes causes spilled
                  | blood to erupt in flames. [demonic ancestry]
  1933 | D:2      | Reached XP level 3. HP: 20/24 MP: 2/6
  3479 | D:3      | Reached XP level 4. HP: 27/30 MP: 8/8
  4048 | D:4      | Learned a level 4 spell: Olgreb's Toxic Radiance
  4304 | D:4      | Reached skill level 4 in Poison Magic
  4456 | D:4      | Gained mutation: You have a tail ending in a sharp stinger.
                  | [demonic ancestry]
  4456 | D:4      | Reached XP level 5. HP: 4/35 MP: 4/9
  4904 | D:4      | Found a staircase to the Ecumenical Temple.
  4921 | Temple   | Entered the Ecumenical Temple
  5291 | Temple   | Became a worshipper of Kikubaaqudgha
  5442 | D:4      | Noticed a black bear
  5449 | D:4      | Killed a black bear
  5450 | D:4      | Reached skill level 1 in Necromancy
  5450 | D:4      | Gained mutation: You have a sharp stinger which inflicts
                  | weakening toxins. [demonic ancestry]
  5450 | D:4      | Reached XP level 6. HP: 37/41 MP: 3/11
  5695 | D:4      | Found a runed translucent door.
  5696 | D:4      | Noticed Crazy Yiuf
  5711 | D:4      | Killed Crazy Yiuf
  5960 | D:5      | Entered Level 5 of the Dungeon
  6115 | D:5      | Found a runed translucent gate.
  6116 | D:5      | Found a runed translucent gate.
  6116 | D:5      | Found a runed translucent gate.
  6131 | D:5      | Noticed a water moccasin
  6139 | D:5      | Killed a water moccasin
  6140 | D:5      | Reached skill level 5 in Poison Magic
  6241 | D:5      | Noticed a water moccasin
  6246 | D:5      | Killed a water moccasin
  6247 | D:5      | Gained mutation: You regenerate a little health from kills.
                  | [demonic ancestry]
  6247 | D:5      | Reached XP level 7. HP: 9/46 MP: 13/13
  6247 | D:5      | Gained mutation: Your body sometimes deteriorates upon
                  | taking damage. [potion of mutation]
  6247 | D:5      | Gained mutation: Your muscles are strong. (Str +4, Int/Dex
                  | -1) [potion of mutation]
  6593 | D:5      | Reached * piety under Kikubaaqudgha
  6593 | D:5      | Received a gift from Kikubaaqudgha
  6685 | D:5      | Learned a level 3 spell: Vampiric Draining
  7319 | D:6      | Reached XP level 8. HP: 47/51 MP: 5/15
  7498 | D:6      | Found Uwoaxkexo's Antique Weapon Emporium.
  7539 | D:5      | Reached skill level 5 in Spellcasting
  8015 | D:5      | Noticed BradSin's ghost (amateur DjFE)
  8225 | D:6      | Reached skill level 6 in Poison Magic
  8490 | D:6      | Reached skill level 5 in Transmutations
  8548 | D:6      | Slain by a wight

Illustrated notes

Levels and vault maps discovered:
D:1:      amcnicky_arrival_feature_with_door, layout_basic, serial_shops, shop,
          hellmonk_ecumenical_altar_zigzags
D:2:      layout_basic, minivault_4
D:3:      layout_loops_corners, serial_co_window_serial, co_window_paths_b,
          co_window_corner_a, co_window_of_opportunity_a,
          co_window_of_opportunity_a, co_window_paths_a, co_window_corner_b,
          co_window_corner_ca, co_window_2corner, co_window_corner_cb,
          co_window_cross_2, co_window_paths_d, glass_columns_b,
          glass_columns_b, glass_columns_c, glass_columns_c, glass_columns_a
D:4:      layout_cave_pools, minmay_temple_entry_proselytizer,
          hangedman_abyss_or_decor_stabs, uniq_crazy_yiuf_cottage
D:5:      layout_basic, gammafunk_ghost_nasty_kobolds, goddamned_bats
D:6:      layout_rooms, grunt_decor_one_mirror, kennysheep_minor_cross,
          nicolae_stop_n_shop_1
D:7:      layout_rooms, nicolae_ru_path_of_blood,
          mainiacjoe_overflow_large_starburst, lightli_minifort
Temple:   minmay_temple_bridge_d

Skill      XL: |  1  2  3  4  5  6  7  8 |
---------------+-------------------------+-----
Transmutations | 1 2 3 4 5 |  5.0
Spellcasting   | 3 4 5 |  5.3
Poison Magic   | 4 5 6 |  6.3
Necromancy     | 1 2 3 4 |  4.7
Dodging        | |  1.7
Stealth        | |  1.7

Action                   |  1- 3 |  4- 6 |  7- 9 || total
-------------------------+-------+-------+-------++-------
Melee: Dagger            |    20 |       |       ||    20
       Unarmed           |     4 |       |       ||     4
       Short sword       |    52 |    45 |   106 ||   203
       Tailslap          |     7 |     6 |     7 ||    20
       Punch             |       |       |     3 ||     3
 Cast: Sting             |    39 |    32 |    19 ||    90
       Poisonous Vapours |    15 |    18 |    11 ||    44
       Olgreb's Toxic Ra |       |     1 |     7 ||     8
       Vampiric Draining |       |       |     9 ||     9
Evoke: Wand              |       |       |    10 ||    10
  Use: Potion            |     1 |     4 |     5 ||    10
       Scroll            |     4 |     1 |     3 ||     8
 Stab: Sleeping          |     3 |     1 |       ||     4
       Invisible         |       |       |     2 ||     2
Armor: Robe              |    20 |     4 |    25 ||    49
Dodge: Dodged            |    65 |    33 |   139 ||   237
